 Dungeon Crawl Stone Soup version 0.29-a0-275-g389c0b56f3 (webtiles) character file.

Game seed: 1310508172773338600

96 HarveyMantaco the Poker (level 4, -6/39 HPs)
             Began as a Minotaur Monk on Mar 9, 2022.
             Was a Priest of Qazlal.
             Killed by an exploding black bear (32 damage)
             ... ignited by their inner flame
             ... on level 3 of the Dungeon.
             The game lasted 00:04:20 (2136 turns).

HarveyMantaco the Poker (Minotaur Monk)             Turns: 2136, Time: 00:04:20

Health: -6/39      AC: 10    Str: 15    XL:     4   Next: 41%
Magic:  0/4        EV:  4    Int:  7    God:    Qazlal [***...]
Gold:   139        SH:  4    Dex: 15    Spells: 3/3 levels left

rFire   . . .      SeeInvis .   a - +0 spear
rCold   . . .      Faith    .   (no shield)
rNeg    . . .      Spirit   +   g - +0 plate armour
rPois   .          Reflect  .   (helmet restricted)
rElec   .          Harm     .   (no cloak)
rCorr   .          Rampage  .   (no gloves)
Will    .....                   (no boots)
Stlth   ..........              q - amulet of guardian spirit
HPRegen 0.13/turn               (no ring)
MPRegen 0.09/turn               (no ring)

@: no status effects
A: horns 2, retaliatory headbutt
a: Renounce Religion, Upheaval, Elemental Force


You were on level 3 of the Dungeon.
You worshipped Qazlal.
Qazlal was most pleased with you.
You visited 1 branch of the dungeon, and saw 3 of its levels.

You collected 139 gold pieces.

Inventory:

Hand Weapons
 a - a +0 spear (weapon)
Missiles
 k - 5 poisoned darts (quivered)
 n - 2 curare-tipped darts
Armour
 b - a +0 robe
 f - a +0 ring mail
 g - a +0 plate armour (worn)
Jewellery
 p - a ring of see invisible
 q - an amulet of guardian spirit (around neck)
Scrolls
 d - a scroll of holy word {unknown}
 e - a scroll of enchant armour {unknown}
 h - a scroll of acquirement {unknown}
 i - a scroll of immolation
 j - a scroll of identify
 l - a scroll of noise {unknown}
 m - a scroll of enchant weapon {unknown}
Potions
 c - a potion of ambrosia
 o - 2 potions of curing


   Skills:
 - Level 3.6 Fighting
 * Level 6.0 Polearms
 - Level 3.2 Dodging
 - Level 1.5 Stealth
 + Level 1.4 Invocations


You had 3 spell levels left.
You didn't know any spells.
Your spell library was empty.

Dungeon Overview and Level Annotations

Branches:
Dungeon (3/15)

Altars:
Qazlal


Innate Abilities, Weirdness & Mutations

You have a pair of horns on your head.
You reflexively headbutt those who attack you in melee.


Message History

o - 2 potions of curing You block the black bear's attack.
The black bear barely misses you. The black bear claws you.
You hit the black bear.
The black bear is moderately wounded.
You barely miss the black bear.
The black bear is moderately wounded.
The black bear bites you but does no damage.
The black bear claws you but does no damage. x2
You hit the black bear but do no damage.
The black bear is moderately wounded.
The black bear bites you.
The black bear claws you but does no damage. x2
You hit the black bear.
The black bear is moderately wounded.
The black bear bites you but does no damage.
You block the black bear's attack.
The black bear claws you but does no damage.
Okay, then.
You hit the black bear.
The black bear is heavily wounded.
The black bear barely misses you.
The black bear claws you but does no damage.
The black bear claws you.
As you read the scroll labelled NORITA YFICS, it crumbles to dust.
The creatures around you are filled with an inner flame!
It was a scroll of immolation.
The black bear bites you but does no damage.
The black bear claws you but does no damage.
The black bear claws you.
You aren't carrying any items that you can evoke.
You hit the black bear.
Flame seeps out of the black bear.
You headbutt the black bear! Qazlal accepts your kill.
The black bear explodes!
The fiery explosion engulfs the dart slug!!
Qazlal accepts your kill. The fiery explosion engulfs you!!
Ouch! That really hurt!
You die...

#### r### #r. ...
#§# ..# #○# ..
#@## ##.### ..
#..# #..#.# ...
#..## ##.##.##..#
#...# #..#...#..#
#...###.##...##.#
##...#..#.....#.#
#[..#..#.....#.#
###............##
############.).


You could see a quokka (inner flame).

Vanquished Creatures
  A black bear (D:3)
  2 adders
  2 worms (D:3)
  3 dart slugs
  3 orcs (D:3)
  3 ball pythons
  A bat (D:2)
  4 endoplasms
  A giant cockroach (D:2)
  6 goblins
  10 hobgoblins
  11 jackals
  2 quokkas
  4 frilled lizards
  3 kobolds
  2 rats
58 creatures vanquished.

Notes
Turn   | Place    | Note
-------+----------+-------------------------------------------
     0 | D:1      | HarveyMantaco the Minotaur Monk began the quest for the
                  | Orb.
     0 | D:1      | Reached XP level 1. HP: 19/19 MP: 0/0
    52 | D:1      | Reached skill level 4 in Polearms
    78 | D:1      | Reached XP level 2. HP: 18/26 MP: 1/1
   820 | D:1      | You fall into a shaft and drop 1 floor!
   910 | D:2      | Found a faded altar of an unknown god.
   943 | D:2      | Prayed at the altar of an unknown god.
   943 | D:2      | Became a worshipper of Qazlal Stormbringer
   943 | D:2      | Reached * piety under Qazlal
   943 | D:2      | Reached ** piety under Qazlal
  1084 | D:2      | Reached skill level 5 in Polearms
  1298 | D:2      | Reached XP level 3. HP: 31/31 MP: 2/2
  1414 | D:2      | Reached *** piety under Qazlal
  1855 | D:3      | Reached skill level 1 in Invocations
  1866 | D:3      | Reached XP level 4. HP: 39/39 MP: 3/3
  2116 | D:3      | Reached skill level 6 in Polearms
  2125 | D:3      | Noticed a black bear
  2136 | D:3      | Killed a black bear
  2136 | D:3      | Killed by an exploding black bear... ignited by their inner
                  | flame

Illustrated notes

Levels and vault maps discovered:
D:1:      dpeg_arrival_refuge, layout_basic
D:2:      layout_loops_cross, chequers_ecumenical_altar_simple_redux
D:3:      layout_rooms, minmay_unequal

Skill      XL: |  1  2  3  4 |
---------------+-------------+-----
Polearms       | 4 5 6 |  6.0
Invocations    | 1 |  1.4
Fighting       | |  3.6
Dodging        | |  3.2
Stealth        | |  1.5

Action                   |  1- 3 |  4- 6 || total
-------------------------+-------+-------++-------
Melee: Spear             |   114 |    58 ||   172
       Headbutt          |    12 |    13 ||    25
       Punch             |     1 |     2 ||     3
  Use: Scroll            |       |     2 ||     2
 Stab: Sleeping          |     4 |       ||     4
Armor: Robe              |     3 |       ||     3
       Plate armour      |    35 |    26 ||    61
Dodge: Dodged            |    24 |     8 ||    32
Block: Other             |     9 |     7 ||    16

Table legend: (Time is in decaauts)
 A = Elapsed time spent in this place.
 B = Non-inter-level travel time spent in this place.
 C = Inter-level travel time spent in this place.
 D = Time resting spent in this place.
 E = Time spent auto-exploring this place.
 F = Levels seen in this place.
 G = Mean time per level.
                   A        B        C        D        E       F      G
               +--------+--------+--------+--------+--------+-----+--------+
         Total |   2112 |   2074 |     38 |    206 |   1455 |   3 |  704.0 |
       Dungeon |   2112 |   2074 |     38 |    206 |   1455 |   3 |  704.0 |
               +--------+--------+--------+--------+--------+-----+--------+

Top non-repeatable levels by time:
     D:2: 971 daAuts
     D:1: 816 daAuts
     D:3: 324 daAuts
